[Event "Team 45 45 League T44"]
[Site "Internet Chess Club"]
[Date "2010.03.12"]
[Round "6"]
[White "tourettes"]
[Black "pishd"]
[Result "1/2-1/2"]
[WhiteElo "1543"]
[BlackElo "1653"]
[Opening "Caro-Kann: closed (Breyer) variation"]
[ECO "B10"]
[Time "07:04:52"]
[TimeControl "2700+45"]

1. e4 c6 2. d3 d5 3. Nd2 e5 4. Ngf3 Bd6 5. Qe2 Ne7 6. g3 O-O 7. Bg2 Re8 8. O-O
Bg4 9. h3 Bh5 10. Re1 f6 11. Nf1 Nd7 12. g4 Bf7 13. Ng3 Kh8 14. g5 Ng8 15. h4
Be6 16. Nf5 Bxf5 17. exf5 Qc7 18. Qd2 Re7 19. b3 Rae8 20. Bb2 c5 21. h5 e4 22.
dxe4 dxe4 23. Nh4 Bf4 24. Qd1 fxg5 25. f6 Ndxf6 26. Nf5 Rd7 27. Qe2 Be5 28. c3
Bf4 29. Rad1 Rxd1 30. Rxd1 Rd8 31. Rxd8 Qxd8 32. Bxe4 Nxe4 33. Qxe4 Qd1+ 34. Kg2
Qg4+ 35. Kf1 Qh3+ 36. Ke1 Nf6 37. Qe6 Qh1+ 38. Ke2 Qe4+ 39. Qxe4 Nxe4 40. c4 Nd6
41. Nxg7 Kg8 42. Ne6 Kf7 43. Nxc5 b6 44. Nd3 Bh2 45. Kf3 Ne8 46. Kg4 h6 47. b4
Bc7 48. c5 Nf6+ 49. Bxf6 Kxf6 50. f4 gxf4 51. Nxf4 Ke5 52. a4 bxc5 53. bxc5 Bd8
54. Ng6+ Kd5 55. Nh8 Kxc5 56. Nf7 Ba5 57. Nxh6 Bc3 58. Nf7 Kb4 59. Kf5 Kxa4 60.
Ne5 Bd2 61. Nd3 Kb3 62. Nf4 a5 63. h6 a4 64. h7 Bc3 65. Ng6 Bg7 66. Ne5 a3 67.
Nd3 Kc2 68. Nb4+ Kc3 69. Na2+ Kb3 70. Nc1+ Kc2 71. Na2 Kb2 72. Nb4 Kb3 73. Nd3
Kc4 74. Nc1 Kd5 75. Kg6 {Game drawn by mutual agreement} 1/2-1/2

[Event "Team 45 45 League T44"]
[Site "Internet Chess Club"]
[Date "2010.03.13"]
[Round "6"]
[White "SuperJEM"]
[Black "Pason"]
[Result "1/2-1/2"]
[WhiteElo "2161"]
[BlackElo "2111"]
[Opening "English opening"]
[ECO "A20"]
[Time "03:02:51"]
[TimeControl "2700+45"]

1. c4 e5 2. g3 e4 3. Nc3 Nf6 4. Bg2 Qe7 5. Qc2 c6 6. Nxe4 Na6 7. Nxf6+ Qxf6 8.
Nf3 Nb4 9. Qd1 Qg6 10. d3 Be7 11. a3 Na6 12. O-O d6 13. b4 h5 14. h4 Nc7 15. Rb1
Bd7 16. Bg5 f6 17. Bf4 Ne6 18. Be3 Qf7 19. d4 g5 20. d5 Ng7 21. hxg5 Nf5 22. Bf4
fxg5 23. Nxg5 Qg6 24. Ne6 Bxe6 25. dxe6 h4 26. c5 hxg3 27. cxd6 gxf2+ 28. Rxf2
Nxd6 29. Qd3 Qxe6 30. Qd4 Rg8 31. Bxd6 Qxd6 32. Qxd6 Bxd6 33. Rd1 O-O-O {Game
drawn by mutual agreement} 1/2-1/2

[Event "Team 45 45 League T44"]
[Site "Internet Chess Club"]
[Date "2010.03.13"]
[Round "6"]
[White "alastorx"]
[Black "GreatPelle"]
[Result "1-0"]
[WhiteElo "2031"]
[BlackElo "2005"]
[Opening "French: Paulsen variation"]
[ECO "C10"]
[Time "01:00:08"]
[TimeControl "2700+45"]

1. d4 e6 2. Nc3 d5 3. e4 f5 4. exd5 exd5 5. Bd3 c6 6. Qe2+ Be7 7. Bg5 h6 8. Qh5+
Kf8 9. Bd2 Bg5 10. O-O-O Bxd2+ 11. Rxd2 Nf6 12. Qf3 g6 13. Nh3 Kg7 14. Re1 Ne4
15. Bxe4 fxe4 16. Qg3 Bxh3 17. Qxh3 Rf8 18. f3 exf3 19. gxf3 Qd7 20. Qh4 g5 21.
Qg3 Qf5 22. h4 Nd7 23. hxg5 hxg5 24. Rg2 Qf4+ 25. Qxf4 Rxf4 26. Re7+ Kf6 27.
Rxd7 Rxf3 28. Rxb7 Rh8 29. Rxa7 g4 30. Ra6 g3 31. Rxc6+ Kg5 32. Ne2 Rh1+ 33. Kd2
Rh2 34. Rg1 g2 35. a4 Rf1 36. Rc8 Rxg1 37. Nxg1 Rh1 38. Rg8+ Kf4 39. Rxg2 {Black
resigns} 1-0

[Event "Team 45 45 League T44"]
[Site "Internet Chess Club"]
[Date "2010.03.14"]
[Round "6"]
[White "Darkwizard1"]
[Black "NFK"]
[Result "1-0"]
[WhiteElo "1924"]
[BlackElo "1605"]
[Opening "French: Rubinstein variation"]
[ECO "C10"]
[Time "10:00:39"]
[TimeControl "2700+45"]

1. e4 e6 2. d4 d5 3. Nc3 dxe4 4. Nxe4 Nf6 5. Nxf6+ Qxf6 6. Nf3 Qd8 7. Bd3 Nc6 8.
O-O Bd6 9. h3 b6 10. d5 Ne7 11. Bb5+ Bd7 12. Bxd7+ Qxd7 13. dxe6 fxe6 14. Bg5
O-O-O 15. Qe2 Kb7 16. Rad1 Rdf8 17. Ne5 Qe8 18. Bxe7 Bxe7 19. Qe4+ {Black
resigns} 1-0

[Event "Team 45 45 League T44"]
[Site "Internet Chess Club"]
[Date "2010.03.12"]
[Round "6"]
[White "BrerRabbit"]
[Black "Ehab"]
[Result "0-1"]
[WhiteElo "1467"]
[BlackElo "1937"]
[Opening "English opening"]
[ECO "A10"]
[Time "10:47:59"]
[TimeControl "2700+45"]

1. c4 g6 2. g3 Bg7 3. Bg2 c6 4. Nc3 Nf6 5. e4 e5 6. Nge2 O-O 7. O-O d6 8. d3 h6
9. h3 Be6 10. f4 Qc8 11. Kh2 Nbd7 12. Be3 Nb8 13. Qd2 Kh7 14. Rf2 Nh5 15. g4
exf4 16. Nxf4 Nxf4 17. Bxf4 g5 18. Bxd6 Rd8 19. e5 Bxc4 20. Be4+ Kg8 21. Bf5 Be6
22. Ne4 Nd7 23. Bxe6 fxe6 24. d4 c5 25. Rc1 Qc6 26. Nxc5 Nxe5 27. Nxe6 Qxd6 28.
Nf4 Ng6 29. Kg1 Nxf4 {White resigns} 0-1

[Event "Team 45 45 League T44"]
[Site "Internet Chess Club"]
[Date "2010.03.13"]
[Round "6"]
[White "oldsj"]
[Black "SATELLITE-DAN"]
[Result "1-0"]
[WhiteElo "1607"]
[BlackElo "1559"]
[Opening "Ruy Lopez: Berlin defense, 4.O-O, d6"]
[ECO "C66"]
[Time "17:01:51"]
[TimeControl "2700+45"]

1. e4 e5 2. Nf3 Nc6 3. Bb5 Nf6 4. O-O d6 5. d4 Bd7 6. c3 Ne7 7. Bxd7+ Nxd7 8.
Bg5 h6 9. Bh4 g5 10. Bg3 Ng6 11. Qb3 Bg7 12. h3 O-O 13. Nbd2 Rb8 14. Nc4 Qe7 15.
Ne3 Qd8 16. Nf5 exd4 17. cxd4 Nf6 18. Rfe1 Nh5 19. Bh2 Nhf4 20. Nxg7 Kxg7 21.
Qc3 Kg8 22. Rac1 Rc8 23. Bg3 Qe7 24. Nh2 b6 25. Ng4 Kh7 26. d5 Ne5 27. Ne3 f6
28. Nf5 Qf7 29. Bxf4 gxf4 30. Qd2 Ng6 31. Qe2 Ne7 32. Qg4 Nxf5 33. Qxf5+ Qg6 34.
Qxf4 Rg8 35. Qf5 Qxf5 36. exf5 Rg7 37. Re6 Rf7 38. Rce1 Rg8 39. g4 h5 40. f3 Kh6
41. Kf2 Kg5 42. R1e4 Rgg7 43. Kg3 h4+ 44. Kf2 Kh6 45. f4 Kh7 46. Ke3 Rg8 47. Re7
Rgg7 48. Rxf7 Rxf7 49. Kd4 Kg8 50. Re8+ Kg7 51. Kc4 Rd7 52. Kb5 Rf7 53. Kc6 a6
54. Rc8 Kh6 55. Rxc7 Rf8 56. Kxd6 b5 57. Ke7 Rb8 58. d6 b4 59. b3 a5 60. d7 Rg8
61. d8=Q Rxd8 62. Kxd8 a4 63. Ke8 a3 64. Rc4 {Black resigns} 1-0

[Event \"Team 45 45 League T44\"]\n[Site \"Internet Chess Club\"]\n[Date \"2010.03.13\"]\n[Round \"6\"]\n[White \"alaskauk\"]\n[Black \"moreffee\"]\n[Result \"1-0\"]\n[WhiteElo \"1494\"]\n[BlackElo \"1342\"]\n[Opening \"Sicilian\"]\n[ECO \"B50\"]\n[Time \"13:02:10\"]\n[TimeControl \"2700+45\"]\n\n1. e4 c5 2. Nf3 d6 3. Bc4 e6 4. O-O a6 5. d4 cxd4 6. Qxd4 Nc6 7. Qd2 Be7 8.\na3 Nf6 9. Nc3 O-O 10. Re1 Bd7 11. e5 Nxe5 12. Nxe5 dxe5 13. Bd3 Qc7 14. Ne4\nRad8 15. Nxf6+ Bxf6 16. Qe3 Bc6 17. Qg3 Qe7 18. Rb1 e4 19. Bc4 h6 20. Bxh6\nKh7 21. Be3 g6 22. b4 b5 23. Qh3+ Kg7 24. Bh6+ Kg8 25. Bxf8 Rxf8 26. Bb3 Kg7\n27. Qe3 Rh8 28. Rbd1 Be5 29. g3 f5 30. f4 Bf6 31. Qc5 Qb7 32. Rd6 Be7 33.\nQxc6 {Black resigns} 1-0\n

[Event "Team 45 45 League T44"]
[Site "Internet Chess Club"]
[Date "2010.03.14"]
[Round "6"]
[White "beerss"]
[Black "malihini"]
[Result "1/2-1/2"]
[WhiteElo "1326"]
[BlackElo "1233"]
[Opening "Bird's opening"]
[ECO "A03"]
[Time "20:00:48"]
[TimeControl "2700+45"]

1. f4 d5 2. Nf3 Nf6 3. e3 Nc6 4. Bb5 Bd7 5. Bxc6 Bxc6 6. O-O e6 7. b3 Be7 8. Bb2
Qd7 9. Ne5 Qc8 10. Nxc6 bxc6 11. d3 O-O 12. Nd2 c5 13. Nf3 c4 14. Ne5 cxb3 15.
axb3 c5 16. Rf3 a5 17. Rg3 a4 18. Ng4 Qd8 19. bxa4 d4 20. Nxf6+ Bxf6 21. e4 e5
22. Bc1 h6 23. f5 Kh7 24. Bd2 g5 25. fxg6+ fxg6 26. Rh3 h5 27. a5 Bg7 28. a6 Ra7
29. Ba5 Qf6 30. Rf3 Qxa6 31. Bc3 Qb6 32. Rxa7 Qxa7 33. Rxf8 Bxf8 34. Bd2 Bh6 35.
Bxh6 Kxh6 36. Qd2+ g5 37. Kf2 Qf7+ 38. Kg1 Qf4 39. Qxf4 gxf4 40. Kf2 Kg5 41. Kf3
h4 42. g3 fxg3 43. hxg3 h3 44. g4 h2 45. Kg2 h1=Q+ 46. Kxh1 Kxg4 47. Kg2 Kf4 48.
Kf2 Kg5 49. Ke2 Kf6 50. Kd2 Ke6 51. Kc1 Kd6 52. Kb2 Kc6 53. Kb3 Kb5 54. c4+ Kc6
55. Kc2 Kd6 56. Kd2 Ke6 57. Ke2 Kf6 58. Kf2 Kg5 59. Kg3 Kf6 60. Kg4 Kg6 61. Kh3
Kh5 62. Kg3 Kg5 63. Kf3 Kg6 64. Kg4 Kf6 65. Kh4 Kg6 66. Kg4 Kf6 67. Kf3 Kg5 68.
Kg3 Kh5 69. Kh3 Kg5 70. Kg3 Kh5 71. Kh3 {Game drawn by mutual agreement} 1/2-1/2

[Event "Team 45 45 League T44"]
[Site "Internet Chess Club"]
[Date "2010.03.10"]
[Round "6"]
[White "otib2006"]
[Black "chips"]
[Result "1/2-1/2"]
[WhiteElo "1305"]
[BlackElo "1197"]
[Opening "Queen's pawn game"]
[ECO "A46"]
[Time "16:00:14"]
[TimeControl "2700+45"]

1. d4 Nf6 2. Nf3 d6 3. e3 Nbd7 4. Bd3 g6 5. O-O Bg7 6. Nbd2 O-O 7. b3 b6 8. Bb2
Bb7 9. c4 e5 10. dxe5 Nxe5 11. Be2 Nxf3+ 12. Bxf3 Bxf3 13. Nxf3 Ne4 14. Bxg7
Kxg7 15. Qd4+ Nf6 16. Ng5 h6 17. Ne4 Re8 18. Qxf6+ Qxf6 19. Nxf6 Kxf6 20. Rfd1
Red8 21. Rd4 Kg7 22. Rad1 Rd7 23. e4 Rad8 24. e5 a6 25. f4 f5 26. Kf2 Kf7 27.
Rd5 a5 28. a3 Ke7 29. b4 axb4 30. axb4 dxe5 31. Rxe5+ Kf6 32. Rde1 Rd2+ 33. R1e2
Rxe2+ 34. Rxe2 Rd4 35. Rc2 Rxf4+ 36. Ke3 Re4+ 37. Kd3 Ke5 38. b5 Rd4+ 39. Ke3
f4+ 40. Ke2 Ke4 41. c5 bxc5 42. Rxc5 Rb4 43. Kd2 g5 44. Rxc7 Rxb5 45. Rc4+ Kf5
46. Rc6 Rb2+ 47. Kd3 Rxg2 48. Rxh6 f3 49. Rh8 f2 50. Ke2 Kg4 51. Rf8 Rxh2 52.
Rxf2 Rxf2+ 53. Kxf2 Kf4 54. Kg2 g4 55. Kg1 Kf3 56. Kf1 g3 57. Kg1 Ke3 58. Kg2
Kf4 59. Kf1 Kg4 60. Kg2 Kh4 61. Kg1 Kh3 62. Kh1 g2+ 63. Kg1 Kg4 64. Kxg2 {Game
drawn because neither player has mating material} 1/2-1/2

[Event "Team 45 45 League T44"]
[Site "Internet Chess Club"]
[Date "2010.03.15"]
[Round "6"]
[White "OGO"]
[Black "Bible-Believer"]
[Result "0-1"]
[WhiteElo "1544"]
[BlackElo "1532"]
[Opening "Caro-Kann: Panov-Botvinnik attack"]
[ECO "B13"]
[Time "14:00:14"]
[TimeControl "2700+45"]

1. e4 c6 2. d4 d5 3. exd5 cxd5 4. c4 Nf6 5. Bg5 e6 6. c5 Be7 7. b4 O-O 8. Nf3
Nc6 9. a3 Ne4 10. Bxe7 Nxe7 11. Bd3 Bd7 12. O-O b6 13. Re1 f5 14. Ne5 bxc5 15.
dxc5 Nc6 16. Nxc6 Bxc6 17. f3 Ng5 18. b5 Be8 19. c6 Qf6 20. Nd2 Qd4+ 21. Kh1
Qxd3 22. f4 Ne4 23. Nxe4 Qxd1 24. Raxd1 fxe4 25. a4 Rb8 26. Rc1 Rxf4 27. c7 Rc8
28. Rc5 Rf2 29. a5 Rb2 30. Kg1 Rxb5 31. Rxb5 Bxb5 32. Rc1 Bc4 {White resigns}
0-1

[Event "Team 45 45 League T44"]
[Site "Internet Chess Club"]
[Date "2010.03.14"]
[Round "6"]
[White "joshtournman"]
[Black "islanderpfeifer"]
[Result "1/2-1/2"]
[WhiteElo "1481"]
[BlackElo "1480"]
[Opening "QGD: semi-Slav"]
[ECO "D10"]
[Time "21:03:16"]
[TimeControl "2700+45"]

1. d4 d5 2. c4 c6 3. Nc3 e6 4. cxd5 cxd5 5. Bf4 Nf6 6. e3 Bb4 7. Qa4+ Nc6 8. Bb5
Bxc3+ 9. bxc3 Bd7 10. Bxc6 Bxc6 11. Qb3 Qa5 12. Ne2 Bb5 13. Qb4 Qxb4 14. cxb4
O-O 15. a4 Bc4 16. Nc3 Rfc8 17. Kd2 Nh5 18. g4 Nxf4 19. exf4 a6 20. Rhe1 Re8 21.
b5 b6 22. bxa6 Rxa6 23. Nb5 Bxb5 24. axb5 Ra5 25. Rxa5 bxa5 26. Ra1 Ra8 27. b6
Kf8 28. b7 Rb8 29. Rxa5 Rxb7 30. Ra8+ Ke7 31. Kc3 Rc7+ 32. Kb3 Rb7+ 33. Kc3 Kf6
34. h4 h6 35. Ra6 Rc7+ 36. Kd3 Rc4 37. f5 Rb4 38. Kc3 Rc4+ 39. Kd3 Rb4 40. fxe6
fxe6 41. f4 Rb3+ 42. Kc2 Rb4 43. f5 Rxd4 44. Rxe6+ Kf7 45. g5 Rxh4 46. g6+ Kf8
47. Rd6 d4 48. Rd7 Rf4 49. Rf7+ Kg8 50. Rd7 Kf8 51. Kd3 Rxf5 52. Rxd4 Rg5 53.
Rd6 Ke7 54. Rb6 h5 55. Ke4 h4 56. Kf4 Rg1 57. Rb7+ Kf6 58. Rb6+ Ke7 59. Rb7+ Kf8
60. Rb8+ Ke7 61. Rb7+ Kf6 62. Rb6+ Ke7 63. Rb7+ Kd6 64. Rxg7 h3 65. Rh7 h2 66.
Rxh2 Rxg6 67. Ra2 Kc5 68. Ke5 Kb4 69. Kd4 Rg4+ 70. Ke5 Kb3 71. Rf2 Rg5+ 72. Kf4
Rg8 73. Ke3 Kc3 74. Rf5 Re8+ 75. Kf4 Kd4 76. Rf7 Re4+ 77. Kf3 Re3+ 78. Kf2 Rh3
79. Rf4+ Ke5 80. Rf3 Rh2+ 81. Kg3 {Game drawn by mutual agreement} 1/2-1/2

[Event "Team 45 45 League T44"]
[Site "Internet Chess Club"]
[Date "2010.03.13"]
[Round "6"]
[White "dondel"]
[Black "chesskix"]
[Result "0-1"]
[WhiteElo "1294"]
[BlackElo "1344"]
[Opening "Queen's pawn game"]
[ECO "A45"]
[Time "20:00:34"]
[TimeControl "2700+45"]

1. d4 Nf6 2. Nc3 g6 3. Nf3 Bg7 4. b3 d6 5. Bb2 O-O 6. e4 c6 7. Be2 Nbd7 8. O-O
e5 9. dxe5 dxe5 10. b4 b5 11. Bd3 Re8 12. Ne2 Nh5 13. Ng3 Nf4 14. Re1 Nb6 15.
Bf1 Bg4 16. h3 Bd7 17. c3 Qc7 18. Ne2 Rad8 19. Qc2 Be6 20. Nxf4 exf4 21. Ng5 Bc4
22. Bxc4 Nxc4 23. Bc1 Qe5 24. Nf3 Qxc3 25. Qxc3 Bxc3 26. Bxf4 Bxa1 27. Rxa1 Rxe4
28. Ng5 Rxf4 29. Re1 Rfd4 30. Re7 Rd1+ 31. Kh2 R8d7 32. Re2 R1d2 {White resigns}
0-1

[Event "Team 45 45 League T44"]
[Site "Internet Chess Club"]
[Date "2010.03.13"]
[Round "6"]
[White "BosqueVerde"]
[Black "kingsrook"]
[Result "0-1"]
[WhiteElo "1156"]
[BlackElo "1355"]
[Opening "QGD Slav defense"]
[ECO "D43"]
[Time "15:00:17"]
[TimeControl "2700+45"]

1. d4 d5 2. c4 c6 3. Nc3 Nf6 4. Bg5 e6 5. Nf3 Nbd7 6. Qc2 Be7 7. e3 h6 8. Bh4
O-O 9. cxd5 exd5 10. Bd3 Re8 11. Rc1 Bd6 12. O-O g5 13. Bxg5 hxg5 14. Nxg5 Nf8
15. h4 Kg7 16. Be2 Ne6 17. Nf3 Rh8 18. e4 dxe4 19. Nxe4 Nxd4 20. Nxd4 Rxh4 21.
Nxd6 Rxd4 22. Nf5+ Bxf5 23. Qxf5 Qd5 24. Qh3 Rh8 25. Qg3+ Kf8 26. Rfd1 Ne4 27.
Qb8+ Kg7 28. Qxb7 Qd6 29. g3 Nxg3 30. Rxd4 Nxe2+ 31. Kg2 Nxd4 32. Rd1 Qh2+
{White resigns} 0-1

[Event "Team 45 45 League T44"]
[Site "Internet Chess Club"]
[Date "2010.03.21"]
[Round "6"]
[White "GadsHill"]
[Black "crazyhorses"]
[Result "1/2-1/2"]
[WhiteElo "1539"]
[BlackElo "1530"]
[Opening "QGA: 4...e6"]
[ECO "D26"]
[Time "15:00:55"]
[TimeControl "2700+45"]

1. d4 d5 2. c4 dxc4 3. Nf3 Nf6 4. e3 e6 5. Bxc4 a6 6. O-O b5 7. Bb3 Bb7 8. Qe2
Nbd7 9. Bd2 c5 10. dxc5 Bxc5 11. Nc3 O-O 12. Rac1 Qe7 13. e4 b4 14. e5 bxc3 15.
exf6 Nxf6 16. Bxc3 Nd5 17. Bxd5 Bxd5 18. a3 a5 19. Rfe1 a4 20. Nd4 Qg5 21. Nf3
Qe7 22. Bd4 Bxf3 23. Bxc5 Qxc5 24. Rxc5 Bxe2 25. Rxe2 Rfd8 26. g3 Rd4 27. Rec2
g6 28. Rc8+ Rxc8 29. Rxc8+ Kg7 30. Rc2 h5 31. h4 Kf6 32. Kg2 Kf5 33. Kf3 e5 34.
Ke3 f6 35. Rc3 Re4+ 36. Kd3 Rd4+ 37. Ke3 Re4+ 38. Kd3 Rd4+ 39. Ke3 {Game drawn
by repetition} 1/2-1/2

[Event "Team 45 45 League T44"]
[Site "Internet Chess Club"]
[Date "2010.03.15"]
[Round "6"]
[White "g8wrb"]
[Black "wrimle"]
[Result "1/2-1/2"]
[WhiteElo "1614"]
[BlackElo "1576"]
[Opening "Alekhine's defense: exchange variation"]
[ECO "B03"]
[Time "15:00:10"]
[TimeControl "2700+45"]

1. e4 Nf6 2. e5 Nd5 3. d4 d6 4. c4 Nb6 5. exd6 exd6 6. Nc3 Be7 7. h3 O-O 8. Nf3
Re8 9. Be3 Bf6 10. Bd3 Be6 11. b3 Na6 12. O-O Nb4 13. Be4 d5 14. cxd5 N4xd5 15.
Qd3 g6 16. Rac1 c6 17. Bh6 Nb4 18. Qd2 N6d5 19. Rfe1 Nxc3 20. Rxc3 Bd5 21. Bxd5
Nxd5 22. Rxe8+ Qxe8 23. Rc4 Rd8 24. Qa5 Rd7 25. b4 Qe2 26. Rc1 Qb5 27. Qxb5 cxb5
28. Ne5 Rc7 29. Rxc7 Nxc7 30. Kf1 Be7 31. Nd7 f5 32. a3 a5 33. Nc5 axb4 34. axb4
b6 35. Nd3 Bf6 36. Be3 Nd5 37. Ke1 f4 38. Nxf4 Nxf4 39. Bxf4 Bxd4 40. Bd2 Kf7
41. f3 Ke6 42. Ke2 Kd5 43. Kd3 h5 44. g4 hxg4 45. hxg4 Bf6 46. Be3 Be7 47. Kc3
Bf6+ 48. Kd3 Be7 49. Kc3 Ke5 50. Bxb6 Kf4 51. Bc5 Bf6+ 52. Bd4 Bg5 53. Bc5 Kxf3
54. Kd4 Kxg4 55. Kd5 Kf5 56. Kc6 Ke4 57. Kxb5 Kd5 58. Kb6 Bd8+ 59. Kb7 g5 60.
Ka6 g4 61. Bg1 g3 62. b5 g2 63. b6 Kc6 64. b7 Bc7 65. Bf2 {Game drawn by mutual
agreement} 1/2-1/2

[Event "Team 45 45 League T44"]
[Site "Internet Chess Club"]
[Date "2010.03.12"]
[Round "6"]
[White "sdcohle"]
[Black "rd00d"]
[Result "0-1"]
[WhiteElo "1423"]
[BlackElo "1440"]
[Opening "Réti opening"]
[ECO "A04"]
[Time "22:00:22"]
[TimeControl "2700+45"]

1. Nf3 e6 2. g3 d5 3. d4 c5 4. Bg2 Nc6 5. O-O cxd4 6. Nxd4 e5 7. Nb3 Be6 8. Nc5
Bxc5 9. Nc3 Nf6 10. Bg5 h6 11. Bxf6 Qxf6 12. Nxd5 Bxd5 13. Qxd5 Bb6 14. e3 O-O
15. Qc4 Qe6 16. Qe2 Rad8 17. a3 Rd6 18. Rad1 Rxd1 19. Rxd1 Rd8 20. Rc1 e4 21. c3
Na5 22. Qc2 Nb3 23. Re1 Rd2 24. Qb1 f5 25. Bf1 a5 26. a4 Nc5 27. Bb5 Qb3 28. Re2
Rxe2 29. Bxe2 Nxa4 30. Bd1 Qxb2 31. Qxb2 Nxb2 32. Be2 Bc5 33. Bb5 a4 34. Bxa4
Nxa4 35. Kf1 Nxc3 36. Ke1 b5 37. Kd2 b4 38. Kc2 Kf7 39. Kb3 Ke6 40. Kc4 Kd6 41.
Kb3 Kd5 42. Kc2 Kc4 43. Kb2 Nd1+ 44. Kc2 Nxf2 45. Kb2 Nd3+ 46. Kc2 Bxe3 47. g4
f4 48. h4 f3 49. g5 f2 50. gxh6 gxh6 51. h5 Ne1+ 52. Kb2 f1=Q 53. Ka2 Qe2+ 54.
Ka1 Bd4+ 55. Kb1 Qb2# {White checkmated} 0-1

[Event "Team 45 45 League T44"]
[Site "Internet Chess Club"]
[Date "2010.03.14"]
[Round "6"]
[White "seattleblues"]
[Black "TroyO"]
[Result "0-1"]
[WhiteElo "1301"]
[BlackElo "1399"]
[Opening "Sicilian: Alapin's variation (2.c3)"]
[ECO "B22"]
[Time "10:00:11"]
[TimeControl "2700+45"]

1. e4 c5 2. c3 d6 3. d4 cxd4 4. cxd4 a6 5. Nc3 Nf6 6. Nf3 e6 7. Bc4 b5 8. Bb3
Bb7 9. Bc2 Be7 10. O-O Nbd7 11. a3 O-O 12. Re1 e5 13. d5 Rc8 14. Ne2 Qc7 15. Bb3
Nxe4 16. Be3 Ndc5 17. Rc1 Qd7 18. Nc3 Nxb3 19. Qxb3 Nxc3 20. Rxc3 Rxc3 21. Qxc3
Bxd5 22. Bd2 Bf6 23. Qe3 h6 24. Rc1 Rc8 25. h3 Rxc1+ 26. Bxc1 Qc6 27. Ne1 Bg5
28. Qe2 Qxc1 {White resigns} 0-1

[Event "Team 45 45 League T44"]
[Site "Internet Chess Club"]
[Date "2010.03.14"]
[Round "6"]
[White "yemisco1"]
[Black "mongmong"]
[Result "0-1"]
[WhiteElo "1407"]
[BlackElo "1579"]
[Opening "Queen's pawn"]
[ECO "A40"]
[Time "20:00:17"]
[TimeControl "2700+45"]

1. d4 e6 2. Nf3 Nf6 3. g3 d5 4. Bg2 Bd6 5. Bg5 h6 6. Bxf6 Qxf6 7. c3 c6 8. Nbd2
Nd7 9. O-O O-O 10. Re1 e5 11. e4 exd4 12. cxd4 Qd8 13. e5 Bc7 14. Qc2 Nb6 15. b3
Re8 16. Re3 f6 17. Rae1 fxe5 18. Nxe5 Bxe5 19. Rxe5 Rxe5 20. Rxe5 Bd7 21. Qg6
Qf8 22. Nf3 Re8 23. h4 Rxe5 24. Nxe5 Qe8 25. Qxe8+ Bxe8 26. g4 g6 27. f4 Kg7 28.
Bf3 Nc8 29. Kf2 Nd6 30. Ke3 h5 31. Nd3 Bd7 32. Ne5 Bc8 33. Kf2 hxg4 34. Bxg4
Bxg4 35. Nxg4 Nf5 36. Ne5 Nxd4 37. Kg3 Ne2+ 38. Kg4 Nc1 39. Kg5 d4 40. Nxg6 d3
41. Ne5 d2 42. f5 d1=Q 43. f6+ Kf8 44. h5 Qd5 45. Kf5 Nd3 46. h6 Qxe5+ 47. Kg6
Nf4+ 48. Kh7 Qf5+ 49. Kh8 Qxf6+ 50. Kh7 Qg6+ 51. Kh8 Qg8# {White checkmated} 0-1

[Event "Team 45 45 League T44"]
[Site "Internet Chess Club"]
[Date "2010.03.14"]
[Round "6"]
[White "MCJR"]
[Black "reverendjim"]
[Result "1-0"]
[WhiteElo "1411"]
[BlackElo "1421"]
[Opening "Queen's bishop game"]
[ECO "D02"]
[Time "21:00:14"]
[TimeControl "2700+45"]

1. d4 d5 2. Nf3 Nf6 3. Bf4 c5 4. c3 Nc6 5. e3 Qb6 6. Qb3 c4 7. Qxb6 axb6 8. a3
Bf5 9. Nh4 Bxb1 10. Rxb1 e6 11. Be2 h6 12. Nf3 Nh5 13. Bg3 Nxg3 14. hxg3 Be7 15.
Nd2 O-O 16. e4 f5 17. exd5 exd5 18. Bf3 Rad8 19. b3 Na5 20. bxc4 dxc4 21. Rxb6
Bxa3 22. O-O Rd6 23. Rbb1 b6 24. Rfe1 Rdf6 25. Bd5+ Kh8 26. Nxc4 Nxc4 27. Bxc4
Rc8 28. Rb3 Rxc4 29. Rxa3 Rf8 30. Rb3 Rfc8 31. Rc1 Kg8 32. Kf1 Kf7 33. Ke2 Ke6
34. Kd3 R4c6 35. Rb5 Kf6 36. d5 Rc5 37. Rxb6+ Ke5 38. f4+ Kxd5 39. Rb4 Rc4 40.
Rb7 R8c7 41. Rb5+ R7c5 42. Rb7 Rc7 43. Rxc7 Rxc7 44. c4+ Kc5 45. Re1 Rd7+ 46.
Kc3 g6 47. Re5+ Kc6 48. Re6+ Rd6 49. Rxd6+ Kxd6 50. Kd4 g5 51. fxg5 hxg5 52. c5+
Kc6 53. Kc4 f4 54. gxf4 gxf4 55. Kd4 Kb5 56. Kd5 {Black resigns} 1-0

[Event "Team 45 45 League T44"]
[Site "Internet Chess Club"]
[Date "2010.03.13"]
[Round "6"]
[White "nozmov"]
[Black "GiulioCre"]
[Result "1/2-1/2"]
[WhiteElo "1347"]
[BlackElo "1252"]
[Opening "Bird's opening"]
[ECO "A02"]
[Time "12:09:13"]
[TimeControl "2700+45"]

1. f4 d6 2. Nf3 Nf6 3. b3 Nbd7 4. Bb2 c6 5. e3 Qc7 6. Be2 e5 7. fxe5 dxe5 8. d3
Bb4+ 9. c3 Bc5 10. d4 exd4 11. exd4 Bd6 12. Nbd2 Bg3+ 13. Kf1 Ng4 14. Nc4 Nf2
15. Qe1 Nxh1 16. hxg3 Nxg3+ 17. Kg1 O-O 18. Bd3 Nf6 19. Nfe5 Nf5 20. Qf2 Nd6 21.
Nxd6 Qxd6 22. a4 Be6 23. Ba3 Qd8 24. Bxf8 Qxf8 25. c4 Ng4 26. Qh4 Nf6 27. g4 Qd8
28. g5 Ne4 29. Bxe4 Qxd4+ 30. Kg2 g6 31. Rf1 Qxe5 32. Qf4 Qxf4 33. Rxf4 Rd8 34.
Kf2 Rd2+ 35. Ke1 Rb2 36. Rf3 Bg4 37. Re3 Ra2 38. Bf3 Ra1+ 39. Kf2 Bxf3 40. Kxf3
Kg7 41. Re7 Rg1 42. Rxb7 a5 43. Rc7 Rxg5 44. Rxc6 Rf5+ 45. Kg3 Rf6 46. Rxf6
{Game drawn by mutual agreement} 1/2-1/2

[Event "Team 45 45 League T44"]
[Site "Internet Chess Club"]
[Date "2010.03.16"]
[Round "6"]
[White "tcianciola"]
[Black "Aquaman"]
[Result "1-0"]
[WhiteElo "1164"]
[BlackElo "1230"]
[Opening "QP counter-gambit (elephant gambit)"]
[ECO "C40"]
[Time "16:00:22"]
[TimeControl "2700+45"]

1. e4 e5 2. Nf3 d5 3. Nc3 dxe4 4. Nxe4 Nf6 5. Bd3 Nxe4 6. Bxe4 Bd6 7. O-O O-O 8.
d3 Nd7 9. Ng5 g6 10. Qf3 Nf6 11. Re1 Nxe4 12. Nxe4 f6 13. h4 Be7 14. Be3 Rb8 15.
Rad1 b6 16. d4 exd4 17. Rxd4 Qe8 18. Bf4 Rb7 19. Rc4 Qf7 20. Nd2 c5 21. b3 Rd7
22. Bh6 Re8 23. Rg4 Rd5 24. Rge4 Rd7 25. Nc4 Bb7 26. Qh3 Rc7 27. Nd6 Qd5 28.
Nxe8 Rd7 29. Rxe7 Rxe7 30. Rxe7 Qd1+ 31. Kh2 Qd4 32. Rg7+ Kf8 33. Rd7+ {Black
resigns} 1-0

[Event "Team 45 45 League T44"]
[Site "Internet Chess Club"]
[Date "2010.03.12"]
[Round "6"]
[White "cazj"]
[Black "ilknight"]
[Result "1-0"]
[WhiteElo "1338"]
[BlackElo "1355"]
[Opening "Sicilian"]
[ECO "B50"]
[Time "20:18:20"]
[TimeControl "2700+45"]

1. e4 c5 2. Nf3 d6 3. Bc4 Nc6 4. Ng5 e6 5. d3 Be7 6. f4 Bxg5 7. fxg5 d5 8. exd5
exd5 9. Qe2+ Nge7 10. Bb3 O-O 11. Rf1 Nd4 12. Qf2 Nxb3 13. axb3 b6 14. Nc3 d4
15. Ne4 Ng6 16. h4 Bb7 17. h5 Bxe4 18. dxe4 Ne5 19. h6 g6 20. Bf4 Qd6 21. O-O-O
Rad8 22. Qg3 Rfe8 23. c3 d3 24. Kb1 d2 25. Rxd2 Qc7 26. Rxd8 Qxd8 27. Bxe5 Qe7
28. Qf4 {Black resigns} 1-0

[Event "Team 45 45 League T44"]
[Site "Internet Chess Club"]
[Date "2010.03.14"]
[Round "6"]
[White "JimGaming"]
[Black "baseball613"]
[Result "1-0"]
[WhiteElo "1296"]
[BlackElo "1268"]
[Opening "Caro-Kann: exchange, Rubinstein variation"]
[ECO "B13"]
[Time "14:01:54"]
[TimeControl "2700+45"]

1. e4 c6 2. d4 d5 3. exd5 cxd5 4. Bd3 Nc6 5. c3 Nf6 6. Bf4 Bg4 7. Nf3 e6 8. h3
Bh5 9. Nbd2 Qb6 10. Qb3 Rc8 11. Qxb6 axb6 12. Bb5 Be7 13. Ne5 Bd6 14. g4 Bxe5
15. Bxe5 Bg6 16. f3 O-O 17. Bxf6 gxf6 18. Ke2 Ra8 19. a4 e5 20. dxe5 fxe5 21. h4
f6 22. h5 Bf7 23. h6 Ra5 24. Rhg1 Na7 25. c4 Nxb5 26. cxb5 Rfa8 27. b3 Be8 28.
Rac1 Bf7 29. Rc7 Rb8 30. g5 f5 31. Ra1 Be8 32. Rac1 Bh5 33. Rg7+ Kf8 34. Rcc7
Bg6 35. Rxh7 Bxh7 36. Rxh7 Kg8 37. Rg7+ Kh8 38. g6 Rg8 39. Rh7# {Black
checkmated} 1-0